 Dungeon Crawl Stone Soup version 0.19-a0-1937-g70ed36a (webtiles) character file.

74 khonsu the Magician (level 4, -1/27 HPs)
             Began as a High Elf Wizard on Oct 26, 2016.
             Slain by an ooze (2 damage)
             ... on level 2 of the Dungeon.
             The game lasted 00:17:34 (2244 turns).

khonsu the Magician (High Elf Wizard)               Turns: 2244, Time: 00:17:35

Health: -1/27      AC:  2    Str:  3 (6)  XL:     4   Next: 9%
Magic:  6/12       EV: 12    Int: 21 (23) God:
Gold:   78         SH:  0    Dex: 10 (13) Spells: 3 memorised, 8 levels left

rFire  . . .     SeeInvis .     e - +0 dagger (curse)
rCold  . . .     Gourm    .     a - +0 robe
rNeg   . . .     Faith    .     (no shield)
rPois  .         Spirit   .     b - +0 hat
rElec  .         Reflect  .     (no cloak)
rCorr  .         Harm     .     (no gloves)
MR     .....                    (no boots)
Stlth  +++.......               (no amulet)
                                (no ring)
                                l - ring of stealth

@: no status effects
A: no striking features
a: no special abilities


You were on level 2 of the Dungeon.
You were not hungry.

You visited 1 branch of the dungeon, and saw 2 of its levels.

You collected 78 gold pieces.

Inventory:

Hand Weapons
 e - a cursed +0 dagger (weapon)
Armour
 a - a +0 robe (worn)
 b - a +0 hat (worn)
Jewellery
 l - a ring of stealth (left hand)
Scrolls
 g - a scroll of immolation {unknown}
 i - a scroll of recharging {unknown}
 k - a scroll of enchant weapon {unknown}
 n - a scroll of fog {unknown}
Potions
 m - a potion of magic {unknown}
Books
 c - a book of Minor Magic

   Spells                             Type                      Level
   a - Magic Dart                     Conjuration                  1
   b - Blink                          Translocation                2
   c - Call Imp                       Summoning                    2
   d - Repel Missiles                 Charms/Air                   2
   e - Slow                           Hexes                        2
   f - Conjure Flame                  Conjuration/Fire             3
   g - Mephitic Cloud                 Conjuration/Poison/Air       3
Comestibles
 d - 3 bread rations
 f - a meat ration
 h - 8 chunks of flesh


   Skills:
 - Level 2.1 Dodging
 - Level 2.1 Stealth
 + Level 5.7 Spellcasting
 - Level 1.1 Conjurations
   Level 0.8 Summonings
 - Level 1.1 Translocations


You had 8 spell levels left.
You knew the following spells:

 Your Spells              Type           Power        Failure   Level  Hunger
a - Magic Dart            Conj           ##..         8%          1    None
b - Blink                 Tloc           N/A          12%         2    None
c - Mephitic Cloud        Conj/Pois/Air  #.......     30%         3    ##.....


Dungeon Overview and Level Annotations

Branches:
Dungeon (2/15)

Altars:


Message History

The jackal completely misses you. The ooze hits you.
* * * LOW HITPOINT WARNING * * *
Casting: Magic Dart
Confirm with . or Enter, or press ? or * to list all spells.
Aiming: Magic Dart
Press: ? - help, Shift-Dir - straight line, f/p - ooze
Aim: an ooze (severely wounded)
The magic dart hits the ooze.
The ooze is almost dead.
The jackal bites you but does no damage.
The ooze hits you.
* * * LOW HITPOINT WARNING * * *
The jackal bites you but does no damage.
A gnoll comes into view. It is wielding a whip.
It was a potion of degeneration.
There was something very wrong with that liquid.
You feel weakened.
You feel dopey.
You feel clumsy.
The gnoll shouts!
The jackal completely misses you. The ooze hits you.
You die...

######## ## ##......# ..#
.'......+ ....
##......##.#########....<
...............J@........
#################h###...
#.....g# ####+ #......#
#...) #.....g### #....
###......#########....
#......g.......(.#.#
#......###...##g##.#
#......###...##.##..


You could see 2 gnolls, an ooze and a jackal.

Vanquished Creatures
  2 adders (D:2)
  A worm (D:1)
  2 dart slugs (D:2)
  A leopard gecko (D:1)
  4 bats
  A giant cockroach (D:2)
  4 goblins
  3 hobgoblins (D:1)
  12 jackals
  A quokka (D:2)
  3 frilled lizards
  4 kobolds
  8 rats
46 creatures vanquished.

Notes
Turn   | Place    | Note
-------+----------+-------------------------------------------
     0 | D:1      | khonsu the High Elf Wizard began the quest for the Orb.
     0 | D:1      | Reached XP level 1. HP: 11/11 MP: 6/6
   310 | D:1      | Reached skill level 4 in Spellcasting
   429 | D:1      | Reached XP level 2. HP: 17/17 MP: 1/8
   433 | D:1      | Learned a level 2 spell: Blink
  1202 | D:1      | Reached XP level 3. HP: 16/21 MP: 0/10
  1289 | D:1      | Learned a level 3 spell: Mephitic Cloud
  1585 | D:2      | Reached skill level 5 in Spellcasting
  2206 | D:2      | Reached XP level 4. HP: 27/27 MP: 6/12
  2243 | D:2      | HP: 1/27 [ooze (4)]
  2244 | D:2      | Slain by an ooze

Vault maps used:
D:1:      saegor_arrival_miasma
D:2:      kennysheep_goblin_castle, elyvilon_altar_3, grunt_ministairs_13

Skill      XL: |  1  2  3 |
---------------+----------+-----
Spellcasting   | 4 5 |  5.7
Dodging        | |  2.1
Stealth        | |  2.1
Conjurations   | |  1.1
Summonings     | |  0.8
Translocations | |  1.1

Action                   |  1- 3 |  4- 6 || total
-------------------------+-------+-------++-------
Melee: Dagger            |    37 |     7 ||    44
 Cast: Magic Dart        |   116 |     6 ||   122
  Use: Potion            |       |     1 ||     1
  Eat: Chunk             |     4 |       ||     4
Armor: Robe              |    22 |     5 ||    27
Dodge: Dodged            |    56 |    18 ||    74
